 Dungeon Crawl Stone Soup version 0.31-a0-18-gea43df2a32 (webtiles) character file.

Game seed: 10824911281019489842

2389 IdlyInterested the Fighter (level 9, -2/71 (76) HPs)
             Began as a Demonspawn Wanderer on May 9, 2023.
             Was an Initiate of Vehumet.
             Slain by a wight
             ... wielding a +3 halberd
              (18 damage)
             ... on level 8 of the Dungeon.
             The game lasted 00:27:23 (6837 turns).

IdlyInterested the Fighter (Demonspawn Wanderer)    Turns: 6837, Time: 00:27:24

HP:   -2/71 (76)    AC:  5    Str: 10    XL:     9   Next: 22%
MP:   15/15         EV: 16    Int: 20    God:    Vehumet [......]
Gold: 441           SH:  8    Dex: 19    Spells: 8/8 levels left

rFire   . . .        E - +6 Majin-Bo {spellvamp, MP+6 Int+6}
rCold   . . .        (no shield)
rNeg    . . .        p - +0 robe of Space {+Inv Fly Will++ Stlth+}
rPois   .            n - +0 helmet
rElec   .            l - +1 cloak
rCorr   +            (no gloves)
SInv    .            (no boots)
Will    ++...        C - amulet of regeneration
Stlth   ++++         K - ring of resist corrosion
HPRegen 1.11/turn    (no ring)
MPRegen 0.14/turn

%: no passive effects
@: flying, studying Dodging, drained
A: hooves 2, large bone plates 1, foul stench 1, condensation shield
a: Renounce Religion, Evoke Invisibility


You were on level 8 of the Dungeon.
You worshipped Vehumet.
Vehumet was noncommittal.
You visited 2 branches of the dungeon, and saw 9 of its levels.

You collected 441 gold pieces.

Inventory:

Hand Weapons
 c - a +0 quarterstaff
 E - the +6 Majin-Bo (weapon) {spellvamp, MP+6 Int+6}
   (You acquired it on level 6 of the Dungeon)

   Int:       It affects your intelligence (+6).
   MP:        It affects your magic capacity (+6).
Missiles
 d - 15 poisoned darts
 f - 3 boomerangs
 r - 3 atropa-tipped darts
 u - 9 stones (quivered)
Armour
 l - a +1 cloak (worn)
 n - a +0 helmet (worn)
 p - the +0 robe of Space (worn) {+Inv Fly Will++ Stlth+}
   (You found it on level 2 of the Dungeon)

   +Inv:      It lets you turn invisible.
   Fly:       It grants you flight.
   Will:      It greatly increases your willpower.
   Stlth:     It makes you more stealthy.
Jewellery
 h - an amulet of guardian spirit
 C - an amulet of regeneration (around neck)
 K - a ring of resist corrosion (left hand)
Wands
 g - a wand of charming (12)
 z - a wand of flame (13)
 B - a wand of mindburst (8)
 J - a wand of polymorph (20)
Scrolls
 e - 5 scrolls of teleportation
 i - a scroll of torment
 j - a scroll of poison
 s - a scroll of immolation
 w - a scroll of butterflies
 x - 3 scrolls of amnesia
 A - 2 scrolls of vulnerability
 G - a scroll of noise {unknown}
 H - a scroll of fog {unknown}
Potions
 a - a potion of heal wounds
 b - a potion of haste
 k - 2 potions of attraction
 m - 2 potions of flight
 o - 2 potions of magic
 t - 2 potions of mutation
 v - a potion of curing
 F - a potion of lignification
 I - a potion of resistance
 M - 2 potions of might {unknown}


   Skills:
 - Level 9.0 Fighting
 + Level 3.9 Staves
 - Level 2.0 Throwing
 - Level 2.0 Armour
 * Level 7.0 Dodging
 - Level 4.0 Stealth
 - Level 4.0 Evocations


You had 8 spell levels left.
You didn't know any spells.
Your spell library contained the following spells:

 Spells                   Type           Power      Damage    Failure   Level
 Magic Dart               Conj           0%         1d3       19%         1
 Sandblast                Erth           0%         2d4       19%         1
 Call Imp                 Summ           0%         N/A       28%         2
 Passwall                 Tmut/Erth      0%         N/A       28%         2
 Dazzling Flash           Conj/Hex       0%         N/A       50%         3
 Mephitic Cloud           Conj/Pois/Air  0%         N/A       50%         3
 Stone Arrow              Conj/Erth      0%         3d7       50%         3
 Vhi's Electric Charge    Tloc/Air       0%         N/A       50%         3
 Volatile Blastmotes      Fire/Tloc      0%         2d10      50%         3
 Iskenderun's Mystic Bla  Conj/Tloc      0%         2d3       88%         4
 Arcjolt                  Conj/Air       0%         1d10      99%         5
 Plasma Beam              Fire/Air       0%         2x1d11    100%        6
 Starburst                Conj/Fire      0%         6d3       100%        6


Dungeon Overview and Level Annotations

Branches:
Dungeon (8/15)             Temple (1/1) D:4            Lair (0/5) D:8

Altars:
Ashenzari
Cheibriados
Dithmenos
Gozag
Hepliaklqana
Kikubaaqudgha
Makhleb
Okawaru
Qazlal
Ru
Sif Muna
Trog
Uskayaw
Vehumet
Wu Jian
Xom
Yredelemnul

Shops:
D:7 (


Innate Abilities, Weirdness & Mutations

You have hoof-like feet.
You are partially covered in large bone plates. (SH +4)
You may rarely emit foul miasma when damaged in melee.
A meltable shield of frost defends you. (SH +4)


Message History

The wight is severely damaged.
The wight hits you with a +3 battleaxe!!
The wight misses you.
A bullfrog comes into view.
The wight attacks as you move away! The wight hits you with a +3 battleaxe!
You feel drained.
You hit the wight.
The wight is severely damaged.
The wight hits you with a +3 battleaxe.
You emit a cloud of foul miasma!
You barely miss the wight. You kick the wight, but do no damage.
The wight is severely damaged.
The wight barely misses you.
You sock the wight!
You destroy the wight!
Vehumet accepts your kill.
Your life force feels restored.
Your Dodging skill increases to level 7!
You hit the wight.
The wight is lightly damaged.
The wight hits you with a +2 scimitar. The wight misses you.
You closely miss the wight. You kick the wight, but do no damage.
The wight is lightly damaged.
The wight closely misses you.
The wight hits you from afar with a +3 halberd!
You feel drained.
You hit the wight. You kick the wight.
The wight is severely damaged.
The wight misses you. The wight closely misses you.
You barely miss the wight.
The wight is severely damaged.
The wight hits you with a +2 scimitar!
* * * LOW HITPOINT WARNING * * *
You feel drained.
* * * LOW HITPOINT WARNING * * *
The wight misses you.
You hit the wight.
You destroy the wight!
Vehumet accepts your kill.
The wight hits you from afar with a +3 halberd!!
You die...

*,,,,,**,* *,**,,,,**,,,,,*,,,~
*,,,,,**,* *,****,,**,,,,,*,,,~
*,,,,,**,* *,* **,,,,,,,,*,,,~
***,****,***,* **,,,,,,,,,,,~
*,* *,,,,,* **,,,,,,,,,,~
*,*#*****,,####****,,,,,,**,,
*,*,..#.,,,#..,,,,,,,***,****
*,*,#.#.,,,#.#*****,****,*
*,#,#.#.,,,#@# ****,,,,,,*
*,#.#....,,#)# *,,,,,,,***
*,.....F####z# *,,,,,,,**
#######+##.......# *,,,,,,,,**
#........#.....###**,,,,,,,,,*
#........#.#.#.......,,,,,,*,*
#........#.#.#..####.,,,,,,*,**
#..........#.#..#
*,,,,,,,*,,***
#.....<.†....#<.#
*,,,,,,,**,,,*


You could see a wight.

Vanquished Creatures
  A two-headed ogre (D:6)
  Eustachio (D:6)
  2 water moccasins (D:6)
  2 sky beasts
  A black bear (D:4)
  An ogre (D:4)
  2 bullfrogs
  4 scorpions
  2 wights (D:8)
  A howler monkey (D:6)
  A crimson imp (D:4)
  2 orc priests
  3 hounds
  A sleepcap (D:5)
  4 iguanas
  Natasha (thrice) (D:4)
  2 orc wizards (D:7)
  4 gnolls (D:4)
  7 adders
  5 worms
  A dart slug (D:3)
  12 orcs
  6 endoplasms
  3 giant cockroaches (D:1)
  11 goblins
  8 hobgoblins
  5 quokkas
  6 ball pythons
  4 bats
  2 frilled lizards (D:1)
  3 kobolds
  8 rats
  A butterfly (D:7)
119 creatures vanquished.

Notes
Turn   | Place    | Note
-------+----------+-------------------------------------------
     0 | D:1      | IdlyInterested the Demonspawn Wanderer began the quest for
                  | the Orb.
     0 | D:1      | IdlyInterested set off with the following items: a +2
                  | dagger, a potion of haste, a +0 quarterstaff, 14 poisoned
                  | darts, a +0 dagger, a potion of heal wounds, a +0 leather
                  | armour.
     0 | D:1      | Reached XP level 1. HP: 16/16 MP: 1/1
   142 | D:1      | Gained mutation: You are partially covered in large bone
                  | plates. (SH +4) [demonic ancestry]
   142 | D:1      | Reached XP level 2. HP: 14/23 MP: 2/2
   910 | D:2      | Reached skill level 3 in Fighting
  1072 | D:2      | Identified the +0 robe of Space {+Inv Fly Will++ Stlth+}
  1156 | D:2      | Gained mutation: A meltable shield of frost defends you.
                  | (SH +4) [demonic ancestry]
  1156 | D:2      | Reached XP level 3. HP: 20/29 MP: 3/3
  1968 | D:2      | Reached XP level 4. HP: 32/37 MP: 4/4
  2185 | D:3      | Found a shadowy altar of Dithmenos.
  2357 | D:3      | Reached skill level 4 in Fighting
  2868 | D:3      | Reached skill level 1 in Dodging
  3168 | D:4      | Reached XP level 5. HP: 29/43 MP: 5/5
  3341 | D:4      | Reached skill level 1 in Armour
  3357 | D:4      | Reached skill level 5 in Fighting
  3406 | D:4      | Noticed a black bear
  3407 | D:4      | Noticed an ogre
  3418 | D:4      | Found a staircase to the Ecumenical Temple.
  3459 | D:4      | Killed an ogre
  3460 | D:4      | Gained mutation: You may rarely emit foul miasma when
                  | damaged in melee. [demonic ancestry]
  3460 | D:4      | Reached XP level 6. HP: 16/51 MP: 6/6
  3478 | D:4      | Noticed Natasha
  3488 | D:4      | Killed Natasha
  3569 | D:4      | Reached skill level 6 in Fighting
  3683 | Temple   | Entered the Ecumenical Temple
  3683 | Temple   | Found a transporter.
  3683 | Temple   | Found a transporter.
  3685 | Temple   | Found a transporter.
  3685 | Temple   | Found a transporter.
  3758 | D:4      | Noticed Natasha
  3771 | D:4      | Killed Natasha
  3888 | D:4      | Noticed Natasha
  3896 | D:4      | Killed Natasha
  4195 | D:4      | Found a burning altar of Makhleb.
  4195 | D:4      | Found a shimmering altar of Xom.
  4374 | D:5      | Entered Level 5 of the Dungeon
  4425 | D:5      | Identified a scroll of acquirement
  4491 | D:5      | Reached XP level 7. HP: 21/59 MP: 7/7
  4581 | D:5      | Found a sacrificial altar of Ru.
  4684 | D:5      | Reached skill level 7 in Fighting
  5361 | D:6      | Noticed a two-headed ogre
  5395 | D:6      | Killed a two-headed ogre
  5396 | D:6      | Reached skill level 9 in Fighting
  5396 | D:6      | Gained mutation: You have large cloven feet. [demonic
                  | ancestry]
  5396 | D:6      | Reached XP level 8. HP: 71/71 MP: 8/8
  5396 | D:6      | Acquired the +6 Majin-Bo {spellvamp, MP+6 Int+6}
  5396 | D:6      | Found the +6 Majin-Bo {spellvamp, MP+6 Int+6}
  5793 | D:6      | Noticed Eustachio
  5807 | D:6      | Killed Eustachio
  5808 | D:6      | Reached skill level 5 in Dodging
  5849 | D:6      | Gained mutation: You have hoof-like feet. [demonic
                  | ancestry]
  5849 | D:6      | Reached XP level 9. HP: 76/76 MP: 9/9
  6112 | Temple   | Became a worshipper of Vehumet
  6319 | D:7      | Found Vif Kest's Antique Weapon Boutique.
  6362 | D:7      | Found an ancient bone altar of Kikubaaqudgha.
  6837 | D:8      | Slain by a wight

Illustrated notes

Levels and vault maps discovered:
D:1:      co_arrival_random_square_maze, layout_basic
D:2:      layout_loops_corners
D:3:      layout_basic, mainiacjoe_overflow_24_doors, serial_bayou_pond_c
D:4:      layout_loops_ring, grunt_temple_overflow_champion_of_chaos,
          zin_scriptorium, minmay_temple_entry_offerings,
          hangedman_abyss_or_decor_slice, uniq_natasha
D:5:      layout_loops_ring, lemuel_crystal_altar
D:6:      layout_basic, hangedman_decor_points, uniq_eustachio
D:7:      layout_rooms, nicolae_elyvilon_peaceful_grove,
          mainiacjoe_overflow_concentric_impassable, serial_shops,
          nicolae_stop_n_shop_2
D:8:      layout_basic, nemelex_diamond_rough_becter, dpeg_oklobed_lair,
          enter_bailey_3
Temple:   hellmonk_temple_divided_pantheon

Skill      XL: |  1  2  3  4  5  6  7  8  9 |
---------------+----------------------------+-----
Throwing       | 2 |  2.0
Fighting       | 3 4 5 6 9 |  9.0
Stealth        | 4 |  4.0
Dodging        | 1 2 5 7 |  7.0
Armour         | 1 2 |  2.0
Evocations     | 4 |  4.0
Staves         | 3 |  3.9

Action                     |  1- 3 |  4- 6 |  7- 9 || total
---------------------------+-------+-------+-------++-------
  Melee: Quarterstaff      |   106 |    65 |       ||   171
         Dagger            |       |    42 |    70 ||   112
         Punch             |       |     1 |     1 ||     2
         Bo                |       |       |    80 ||    80
         Kick              |       |       |    23 ||    23
  Throw: Dart              |    13 |    18 |       ||    31
         Stone             |       |     7 |       ||     7
    Use: Scroll            |     4 |     5 |     8 ||    17
         Potion            |       |       |     1 ||     1
   Stab: Sleeping          |    15 |    13 |    10 ||    38
         Distracted        |       |     1 |       ||     1
 Armour: Ring mail         |    14 |       |       ||    14
         Leather armour    |     1 |       |       ||     1
         Robe              |     7 |    22 |    16 ||    45
  Dodge: Dodged            |    34 |    57 |    65 ||   156
  Block: Other             |    14 |    37 |    55 ||   106

Table legend: (Time is in decaauts)
 A = Elapsed time spent in this place.
 B = Non-inter-level travel time spent in this place.
 C = Inter-level travel time spent in this place.
 D = Time resting spent in this place.
 E = Time spent auto-exploring this place.
 F = Levels seen in this place.
 G = Mean time per level.
                   A        B        C        D        E       F      G
               +--------+--------+--------+--------+--------+-----+--------+
         Total |   6883 |   5965 |    918 |    796 |   3374 |   9 |  764.8 |
       Dungeon |   6799 |   5916 |    883 |    796 |   3374 |   8 |  849.9 |
        Temple |     84 |     49 |     35 |      0 |      0 |   1 |   84.0 |
               +--------+--------+--------+--------+--------+-----+--------+

Top non-repeatable levels by time:
     D:2: 1297 daAuts
     D:4: 1240 daAuts
     D:6: 1003 daAuts
     D:3: 996 daAuts
     D:1: 952 daAuts
     D:5: 818 daAuts
     D:7: 449 daAuts
  Temple: 84 daAuts
     D:8: 41 daAuts
